 Dungeon Crawl Stone Soup version 0.19-b1-4-gd8a0a2a (webtiles) character file.

4855 Vasektomior the Carver (level 10, 0/88 HPs)
             Began as a Minotaur Fighter on Oct 30, 2016.
             Was a Priest of Makhleb.
             Slain by a 13-headed hydra (7 damage)
             ... on level 9 of the Dungeon.
             The game lasted 01:37:18 (10745 turns).

Vasektomior the Carver (Minotaur Fighter)          Turns: 10745, Time: 01:37:21

Health: 0/88       AC: 15    Str: 31    XL:     10   Next: 25%
Magic:  9/9        EV:  5    Int:  5    God:    Makhleb [***...]
Gold:   413        SH: 21    Dex: 12    Spells: 0 memorised, 9 levels left

rFire  . . .     SeeInvis +     U - +4 long sword "Beetleslayer" {freeze, Str+4 SInv}
rCold  . . .     Gourm    .     o - +0 plate armour
rNeg   . . .     Faith    .     C - +2 large shield
rPois  .         Spirit   .     (helmet restricted)
rElec  .         Reflect  .     q - +0 cloak
rCorr  .         Harm     .     (no gloves)
MR     .....                    (no boots)
Stlth  ..........               (no amulet)
                                i - +3 ring of strength
                                G - +2 ring of dexterity

@: no status effects
A: retaliatory headbutt, horns 2
a: Minor Destruction, Lesser Servant of Makhleb, Renounce Religion


You were on level 9 of the Dungeon.
You worshipped Makhleb.
Makhleb was most pleased with you.
You were not hungry.

You visited 1 branch of the dungeon, and saw 9 of its levels.

You collected 437 gold pieces.
You spent 24 gold pieces at shops.

Inventory:

Hand Weapons
 a - a +0 long sword
 u - a +0 blowgun
 O - a +2 hunting sling of velocity
 U - the +4 long sword "Beetleslayer" (weapon) {freeze, Str+4 SInv}
   (You found it on level 8 of the Dungeon)

   It has been specially enchanted to freeze those struck by it, causing extra
   injury to most foes and up to half again as much damage against particularly
   susceptible opponents.
   It can also slow down cold-blooded creatures.
   It affects your strength (+4).
   It lets you see invisible.
Missiles
 j - 40 poisoned needles
 k - 5 curare-tipped needles
 z - a throwing net (quivered)
Armour
 c - a +0 shield
 o - a +0 plate armour (worn)
 q - a +0 cloak (worn)
 C - a +2 large shield (worn)
Jewellery
 g - an uncursed ring of fire
 i - a +3 ring of strength (right hand)
 p - an uncursed ring of protection from cold
 v - an uncursed ring of ice
 G - a +2 ring of dexterity (left hand)
 L - an uncursed ring of stealth
Wands
 s - a wand of polymorph (4/24)
 B - a wand of iceblast (11/15)
 Q - a wand of flame (19/48)
 X - a wand of disintegration (11/24)
Scrolls
 h - 4 scrolls of remove curse
 r - 2 scrolls of fog {unknown}
 t - a scroll of holy word
 w - a scroll of noise {unknown}
 y - 2 scrolls of enchant weapon {unknown}
 D - 3 scrolls of blinking
 E - 2 scrolls of fear {unknown}
 H - a scroll of brand weapon {unknown}
 K - a scroll of immolation {unknown}
 M - a scroll of teleportation
 P - 5 scrolls of magic mapping {unknown}
 R - a scroll of amnesia {unknown}
 W - a scroll of random uselessness {unknown}
 Y - 2 scrolls of recharging {unknown}
Potions
 b - a potion of invisibility
 d - 3 potions of might
 e - a potion of resistance
 m - a potion of beneficial mutation {unknown}
 n - 6 potions of curing {unknown}
 x - 3 potions of brilliance {unknown}
 A - 3 potions of haste {unknown}
 F - a potion of ambrosia {unknown}
 I - a potion of agility {unknown}
 J - 4 potions of degeneration {unknown}
 S - 2 potions of flight {unknown}
 T - a potion of cure mutation {unknown}
 V - a potion of mutation {unknown}
 Z - a potion of lignification {unknown}
Comestibles
 f - 4 bread rations
 l - a meat ration
 N - a royal jelly


   Skills:
 + Level 7.7 Fighting
 + Level 11.3 Long Blades
 + Level 9.7 Armour
 + Level 1.6 Dodging
 + Level 0.3 Stealth
 + Level 9.1 Shields


You had 9 spell levels left.
You didn't know any spells.

Dungeon Overview and Level Annotations

Branches:
Dungeon (9/15)
 Temple: D:4-7         Lair: D:8-11         Orc: D:9-12

Altars:
Ashenzari
Dithmenos
Elyvilon
Fedhas
Gozag
Kikubaaqudgha
Makhleb
Nemelex Xobeh
Okawaru
Ru
The Shining One

Shops:
D:5 *   D:8 (


Innate Abilities, Weirdness & Mutations

You reflexively headbutt those who attack you in melee.
You have a pair of horns on your head.


Message History

The 13-headed hydra bites you. You block the 13-headed hydra's attack.
The 13-headed hydra bites you but does no damage.
You block the 13-headed hydra's attack. x2; The 13-headed hydra bites you!
The 13-headed hydra bites you. x2
* * * LOW HITPOINT WARNING * * *
The 13-headed hydra bites you but does no damage. x3
You can't go up here!
You block the 13-headed hydra's attack. x4
The 13-headed hydra bites you but does no damage. x2
The 13-headed hydra bites you.
* * * LOW HITPOINT WARNING * * *
The 13-headed hydra bites you.
* * * LOW HITPOINT WARNING * * *
The 13-headed hydra bites you but does no damage.
The 13-headed hydra bites you.
* * * LOW HITPOINT WARNING * * *
The 13-headed hydra bites you.
* * * LOW HITPOINT WARNING * * *
The 13-headed hydra barely misses you. The 13-headed hydra bites you!
You die...

#.# #####.########
.............#######
#........###.......#
#........##........#
.........##........#
####.....##........##############
...................'.............
####.....#####..@D.####.#########
####### ##.#### #.# ####### #..
#.# ##### #.....#####.# #.# #....
#........# .# ###.## #....
#........##'####(...####....
#......................'....
#....................###....
######...รท...........# #....


You could see a 13-headed hydra.

Vanquished Creatures
  Grinder (D:4)
  3 hippogriffs
  A troll (D:9)
  Sigmund (D:6)
  A spriggan (D:7)
  Duvessa (D:6)
  2 orc warriors
  5 ice beasts
  3 sky beasts
  A phantom (D:7)
  4 ogres
  2 centaurs
  2 bullfrogs
  Dowan (D:6)
  A water moccasin zombie (D:8)
  2 scorpions
  4 killer bees (D:9)
  3 wights (D:6)
  2 howler monkeys
  3 crimson imps
  2 bullfrog zombies
  2 centaur zombies
  3 hounds
  A bullfrog skeleton (D:8)
  7 orc priests
  A gnoll shaman (D:5)
  2 orc wizards
  A centaur skeleton (D:8)
  3 iguanas
  Terence (D:3)
  Natasha (thrice) (D:3)
  4 worker ants
  A worker ant zombie (D:8)
  7 adders
  2 howler monkey skeletons
  11 gnolls
  4 shadow imps
  An ooze (D:4)
  An adder zombie (D:6)
  3 adder skeletons
  2 worms (D:2)
  2 dart slugs (D:2)
  7 leopard geckos
  12 orcs
  A ball python (D:6)
  2 bats (D:2)
  5 giant cockroaches
  2 goblins (D:1)
  9 hobgoblins
  8 jackals
  4 kobolds
  A quokka (D:3)
  3 frilled lizards
  A giant cockroach zombie (D:6)
  A leopard gecko skeleton (D:5)
  2 rats
165 creatures vanquished.

Notes
Turn   | Place    | Note
-------+----------+-------------------------------------------
     0 | D:1      | Vasektomior the Minotaur Fighter began the quest for the Orb.
     0 | D:1      | Reached XP level 1. HP: 19/19 MP: 0/0
   170 | D:1      | Reached XP level 2. HP: 27/27 MP: 1/1
  1040 | D:2      | Found a blossoming altar of Fedhas.
  1142 | D:2      | Reached XP level 3. HP: 25/33 MP: 2/2
  1271 | D:2      | Reached skill level 3 in Long Blades
  1639 | D:2      | Reached XP level 4. HP: 29/40 MP: 3/3
  1834 | D:2      | Found a burning altar of Makhleb.
  1842 | D:2      | Became a worshipper of Makhleb the Destroyer
  1933 | D:3      | Found an ancient bone altar of Kikubaaqudgha.
  1959 | D:3      | Noticed Terence
  1974 | D:3      | Killed Terence
  2078 | D:3      | Noticed Natasha
  2089 | D:3      | Reached skill level 4 in Long Blades
  2095 | D:3      | Killed Natasha
  2095 | D:3      | Reached XP level 5. HP: 11/46 MP: 4/4
  2476 | D:3      | Noticed Natasha
  2530 | D:3      | Killed Natasha
  2530 | D:3      | Reached skill level 5 in Armour
  2565 | D:3      | Noticed Natasha
  2583 | D:3      | Killed Natasha
  2583 | D:3      | Reached skill level 1 in Dodging
  2583 | D:3      | Reached skill level 5 in Shields
  3287 | D:4      | Reached XP level 6. HP: 50/53 MP: 5/5
  3688 | D:4      | Found a white marble altar of Elyvilon.
  3726 | D:4      | Noticed Grinder
  3739 | D:4      | Killed Grinder
  3739 | D:4      | Reached skill level 5 in Long Blades
  3739 | D:4      | Reached XP level 7. HP: 36/60 MP: 6/6
  3825 | D:4      | Reached * piety under Makhleb
  3979 | D:4      | Reached skill level 6 in Long Blades
  3989 | D:4      | Found an iron altar of Okawaru.
  4175 | D:5      | Entered Level 5 of the Dungeon
  4197 | D:5      | Found a shadowy altar of Dithmenos.
  4526 | D:5      | Reached skill level 5 in Fighting
  4858 | D:5      | Found Yssick's General Store.
  4889 | D:5      | Bought a scroll of identify for 24 gold pieces
  4927 | D:5      | Found a glowing golden altar of the Shining One.
  5171 | D:5      | Reached skill level 7 in Long Blades
  5171 | D:5      | Reached XP level 8. HP: 51/68 MP: 7/7
  5297 | D:6      | Noticed Sigmund
  5383 | D:6      | Killed Sigmund
  5793 | D:6      | Reached skill level 8 in Long Blades
  5931 | D:6      | Found a sparkling altar of Nemelex Xobeh.
  6039 | D:6      | Noticed Duvessa
  6069 | D:6      | Killed Duvessa
  6080 | D:6      | Noticed Dowan
  6085 | D:6      | Killed Dowan
  6417 | D:7      | Found a sacrificial altar of Ru.
  6545 | D:7      | Noticed a hippogriff
  6571 | D:7      | Killed a hippogriff
  6571 | D:7      | Reached skill level 9 in Long Blades
  6677 | D:7      | Reached ** piety under Makhleb
  6764 | D:6      | Reached XP level 9. HP: 26/75 MP: 8/8
  7186 | D:7      | Found an opulent altar of Gozag.
  8055 | D:8      | Reached skill level 10 in Long Blades
  8167 | D:8      | Got a dazzling short sword
  8288 | D:8      | Got a faintly glowing long sword
  8289 | D:8      | Identified the +4 long sword "Beetleslayer" {freeze, Str+4 SInv} (You found it on level 8 of the Dungeon)
  8290 | D:8      | Identified the +2 short sword of Grandeur {elec, Fragile rPois rN+++ Stlth+} (You found it on level 8 of the Dungeon)
  8524 | D:8      | Found Serrypn's Antique Weapon Emporium.
  8902 | D:9      | Noticed a six-headed hydra
  9388 | D:9      | Found a shattered altar of Ashenzari.
  9586 | D:9      | Reached XP level 10. HP: 80/86 MP: 9/9
  9751 | D:9      | Reached skill level 11 in Long Blades
 10666 | D:9      | Reached *** piety under Makhleb
 10745 | D:9      | Slain by a 13-headed hydra

Skill      XL: |  1  2  3  4  5  6  7  8  9 10 |
---------------+-------------------------------+-----
Shields        | 4 5 6 7 8 9 |  9.1
Fighting       | 4 5 6 7 |  7.7
Armour         | 4 5 6 7 9 |  9.7
Long Blades    | 3 4 5 7 9 10 11 | 11.3
Dodging        | 1 |  1.6
Stealth        | |  0.3

Action                   |  1- 3 |  4- 6 |  7- 9 | 10-12 || total
-------------------------+-------+-------+-------+-------++-------
Melee: Long sword        |    71 |   142 |   370 |    60 ||   643
       Headbutt          |    13 |    30 |   104 |    23 ||   170
       Unarmed           |       |     2 |       |       ||     2
  Use: Scroll            |     2 |     1 |    12 |     1 ||    16
  Eat: Bread ration      |     1 |     1 |     2 |       ||     4
       Fruit             |       |       |     5 |       ||     5
       Pizza             |       |       |     2 |       ||     2
       Meat ration       |       |       |     1 |       ||     1
       Beef jerky        |       |       |     1 |       ||     1
Armor: Scale mail        |    29 |     2 |       |       ||    31
       Plate armour      |       |    67 |   168 |    37 ||   272
Dodge: Dodged            |    39 |    27 |    60 |    10 ||   136
Block: Shield            |    41 |    75 |   200 |     1 ||   317
       Large shield      |       |       |       |    69 ||    69
       Rpst.: Long sword |     8 |     4 |    17 |     1 ||    30
